 Dungeon Crawl Stone Soup version 0.24-a0-441-g27f0392e16 (webtiles) character file.

Game seed: 7570153246404379997

1934 Yaarun the Slicer (level 8, -10/59 (60) HPs)
             Began as a Vampire Gladiator on June 20, 2019.
             Was a Follower of Trog.
             Mangled by a hornet (11 damage)
             ... while paralysed by a hornet
             ... on level 7 of the Dungeon.
             The game lasted 00:25:01 (5453 turns).

Yaarun the Slicer (Vampire Gladiator)               Turns: 5453, Time: 00:25:01

HP:   -10/59 (60)   AC:  9    Str: 14    XL:     8   Next: 97%
MP:   0/8           EV:  2    Int: 11    God:    Trog [*.....]
Gold: 463           SH:  0    Dex: 16    Spells: 7/7 levels left

rFire    . . .     SeeInvis +   w - +2 rapier (protect)
rCold    . . .     Gourm    .   k - +0 shield
rNeg     . . .     Faith    .   e - +3 ring mail
rPois    .         Spirit   +   c - +0 helmet
rElec    .         Reflect  .   (no cloak)
rCorr    .         Harm     .   (no gloves)
MR       .....                  (no boots)
Stlth    ++........             g - amulet of guardian spirit
HPRegen  0.00/turn              h - +4 ring of slaying
MPRegen  0.11/turn              (no ring)

@: paralysed, lethally poisoned (-10 -> -16), non-regenerating, mildly diseased,
slowed
A: no food, fangs 3, see invisible, unbreathing
a: Exsanguinate, Berserk, Renounce Religion


You were on level 7 of the Dungeon.
You worshipped Trog.
Trog was aware of your devotion.
You were alive.

You visited 2 branches of the dungeon, and saw 8 of its levels.
You also visited: Sewer.

You collected 463 gold pieces.

Inventory:

Hand Weapons
 a - a +0 rapier
 w - a +2 rapier of protection (weapon)
Missiles
 d - 3 throwing nets (quivered)
Armour
 b - a +0 leather armour
 c - a +0 helmet (worn)
 e - a +3 ring mail (worn)
 k - a +0 shield (worn)
 s - a +0 chain mail
 G - a +0 plate armour
Jewellery
 g - an amulet of guardian spirit (around neck)
 h - a +4 ring of slaying (left hand)
Wands
 t - a wand of paralysis (5)
 u - a wand of iceblast (22)
Scrolls
 f - 4 scrolls of identify {unknown}
 i - 2 scrolls of amnesia {unknown}
 j - a scroll of fear {unknown}
 n - 3 scrolls of random uselessness {unknown}
 o - 2 scrolls of enchant armour {unknown}
 p - 2 scrolls of magic mapping {unknown}
 v - 2 scrolls of fog {unknown}
 x - 6 scrolls of remove curse {unknown}
 y - 3 scrolls of blinking {unknown}
 C - a scroll of teleportation {unknown}
Potions
 l - a potion of resistance {unknown}
 m - 4 potions of haste {unknown}
 q - 3 potions of curing {unknown}
 r - a potion of cancellation {unknown}
 z - a potion of degeneration {unknown}
 A - a potion of might {unknown}
 B - a potion of heal wounds {unknown}
 D - 2 potions of brilliance {unknown}
 E - a potion of mutation {unknown}
 F - a potion of agility {unknown}
 H - a potion of flight {unknown}


   Skills:
 + Level 3.7 Fighting
 * Level 10.1 Short Blades
 + Level 1.6 Throwing
 + Level 2.9 Armour
 + Level 4.8 Dodging
 + Level 3.1 Stealth
 + Level 3.2 Shields


You had 7 spell levels left.
You didn't know any spells.
Your spell library was empty.

Dungeon Overview and Level Annotations

Branches:
Dungeon (7/15)             Temple (1/1) D:4

Altars:
Cheibriados
Dithmenos
Elyvilon
Fedhas
Gozag
Kikubaaqudgha
Makhleb
Nemelex Xobeh
Qazlal
Ru
Sif Muna
Trog
Uskayaw
Vehumet
Wu Jian
Xom
Yredelemnul
Zin
The Shining One


Innate Abilities, Weirdness & Mutations

You do not eat.
Your natural rate of healing is unusually fast.
You have razor-sharp teeth.
You have supernaturally acute eyesight. (SInv)
You can survive without breathing.


Message History

You feel as though you will be slow longer.
The hornet closely misses you.
You puncture the hornet!
Your weapon exudes an aura of protection.
The hornet is severely wounded.
You feel sick. The hornet stings you.
You feel as though you will be slow longer.
The hornet stings you!
* * * LOW HITPOINT WARNING * * *
You feel as though you will be slow longer.
You feel sick. The hornet barely misses you.
Unknown command.
You feel sick. The hornet stings you!
* * * LOW HITPOINT WARNING * * *
You suddenly lose the ability to move!
The hornet stings you.
* * * LOW HITPOINT WARNING * * *
You feel as though you will be slow longer.
The hornet stings you!
You die...

###.#######
..$.....y.# #.#
#.##.####@########
#.# #.(........
..#
##..###########
#.# #..#.........#
#.# #............#
#.#
##.#.........###.#
#.#>........†....
#.#......(..###.#
#.#.###########.#


You could see a hornet.

Vanquished Creatures
  Sigmund (D:3)
  A water moccasin (D:7)
  2 phantoms
  A necrophage (D:7)
  An ogre (D:6)
  2 centaurs
  A big kobold (Sewer)
  A bullfrog (D:6)
  A scorpion (D:5)
  4 crimson imps
  2 bullfrog zombies
  A bullfrog skeleton (D:6)
  6 hounds
  A jelly (D:6)
  An orc priest (D:6)
  An iguana (D:7)
  4 orc wizards
  Ijyb (D:3)
  5 worker ants
  A hound zombie (D:6)
  8 adders
  A river rat (Sewer)
  A shadow imp (D:5)
  An ooze (Sewer)
  7 worms
  3 dart slugs
  5 leopard geckos
  13 orcs
  7 giant cockroaches
  7 goblins
  11 hobgoblins
  4 jackals
  14 kobolds
  2 quokkas
  8 bats
  11 frilled lizards
  A leopard gecko skeleton (D:5)
  10 rats
152 creatures vanquished.

Notes
Turn   | Place    | Note
-------+----------+-------------------------------------------
     0 | D:1      | Yaarun the Vampire Gladiator began the quest for the Orb.
     0 | D:1      | Reached XP level 1. HP: 16/16 MP: 1/1
   269 | D:1      | Reached XP level 2. HP: 15/17 MP: 2/2
   632 | D:2      | Reached skill level 4 in Short Blades
   659 | D:2      | Reached XP level 3. HP: 12/21 MP: 3/3
  1107 | D:2      | Found an ancient bone altar of Kikubaaqudgha.
  1166 | D:2      | Reached XP level 4. HP: 26/26 MP: 4/4
  1676 | D:3      | Noticed Sigmund
  1684 | D:3      | Killed Sigmund
  1684 | D:3      | Reached skill level 5 in Short Blades
  1684 | D:3      | Reached skill level 1 in Armour
  1684 | D:3      | Reached skill level 1 in Shields
  1684 | D:3      | Reached XP level 5. HP: 30/39 MP: 5/5
  1853 | D:3      | Noticed Ijyb
  1869 | D:3      | Killed Ijyb
  1869 | D:3      | Reached skill level 6 in Short Blades
  1869 | D:3      | Reached XP level 6. HP: 46/46 MP: 6/6
  2120 | D:4      | Found a snail-covered altar of Cheibriados.
  2231 | D:4      | Found a staircase to the Ecumenical Temple.
  2282 | D:4      | Found a glowing drain.
  2298 | Sewer    | Entered a sewer
  2582 | Sewer    | Reached skill level 7 in Short Blades
  2957 | D:4      | Reached XP level 7. HP: 50/51 MP: 7/7
  3542 | Temple   | Entered the Ecumenical Temple
  3586 | Temple   | Became a worshipper of Trog the Wrathful
  3668 | D:5      | Entered Level 5 of the Dungeon
  3700 | D:5      | Found a sparkling altar of Nemelex Xobeh.
  3854 | D:5      | Found a shadowy altar of Dithmenos.
  3935 | D:5      | Reached skill level 8 in Short Blades
  4144 | D:5      | Reached skill level 1 in Stealth
  4279 | D:5      | Found a glowing silver altar of Zin.
  4599 | D:6      | Reached XP level 8. HP: 57/58 MP: 8/8
  4733 | D:6      | Reached skill level 9 in Short Blades
  4942 | D:6      | Found a deep blue altar of Sif Muna.
  4967 | D:6      | Reached * piety under Trog
  5246 | D:7      | Found an ornate altar of the Wu Jian Council.
  5287 | D:7      | Reached skill level 10 in Short Blades
  5437 | D:7      | Noticed a hornet
  5452 | D:7      | HP: 2/59 [hornet (6)]
  5452 | D:7      | Paralysed by a hornet for 2 turns
  5453 | D:7      | Mangled by a hornet

Levels and vault maps discovered:
D:1:      dpeg_arrival_snail, layout_rooms
D:2:      layout_basic, lemuel_doored_altar, first_ration, minmay_pentomino_w4
D:3:      layout_rooms, uniq_ijyb, uniq_sigmund
D:4:      layout_gridville, nicolae_overflow_crystal_walls,
          minmay_temple_entry_gardened_gates, cheibrodos_sewer_entry_bend,
          minmay_tree_intersection
D:5:      layout_layer_cave, nicolae_dithmenos_shadow_blocks,
          lemuel_coloured_pillars_altar, nemelex_lonely_heart_becter
D:6:      layout_rooms, led_sif_pool, nrook_mini_backslash
D:7:      layout_basic, old_standard_altar, cheibrodos_ashenzari_chains,
          grunt_livestock
Temple:   dshaligram_water_room_temple

Skill      XL: |  1  2  3  4  5  6  7  8 |
---------------+-------------------------+-----
Short Blades   | 4 5 6 7 8 10 | 10.1
Fighting       | 2 3 |  3.7
Dodging        | 4 |  4.8
Armour         | 1 2 |  2.9
Shields        | 1 2 3 |  3.2
Stealth        | 1 3 |  3.1
Throwing       | |  1.6

Action                   |  1- 3 |  4- 6 |  7- 9 || total
-------------------------+-------+-------+-------++-------
Melee: Rapier            |   115 |   173 |   218 ||   506
       Bite              |    11 |    13 |    28 ||    52
 Abil: Exsanguinate      |     2 |       |       ||     2
       Revivify          |     2 |       |       ||     2
 Stab: Sleeping          |       |       |     2 ||     2
Armor: Ring mail         |    31 |    52 |    53 ||   136
Dodge: Dodged            |    43 |    52 |    60 ||   155
Block: Shield            |    26 |    60 |    81 ||   167

Table legend:
 A = Non-vault XP
 B = Vault XP
 C = Vault XP percentage of total XP
 D = Non-vault monster count
 E = Vault monster count
 F = Vault count percentage of total count
                 A         B        C        D         E       F
            +---------+---------+-------+---------+---------+-------
      Total |    2317 |     446 |  16.1 |     127 |      25 |  16.4
            +---------+---------+-------+---------+---------+-------
        D:1 |      37 |       0 |   0.0 |      22 |       0 |   0.0
        D:2 |      59 |      19 |  24.4 |      30 |       8 |  21.1
        D:3 |      69 |     246 |  78.1 |      16 |       2 |  11.1
        D:4 |     260 |      10 |   3.7 |      16 |       2 |  11.1
        D:5 |     470 |       0 |   0.0 |      12 |       0 |   0.0
        D:6 |     968 |       0 |   0.0 |      22 |       0 |   0.0
        D:7 |     454 |       0 |   0.0 |       9 |       0 |   0.0
      Sewer |       0 |     171 | 100.0 |       0 |      13 | 100.0
            +---------+---------+-------+---------+---------+-------
